 Seeded DCSS version 0.28-a0-1624-g820543e53a (webtiles) character file.

Game seed: 17196875450252639451 (custom seed)

44 3t5h the Cutter (level 3, 18/18 HPs)
             Began as a Vine Stalker Gladiator on Jan 24, 2022.
             Quit the game on level 2 of the Dungeon.
             The game lasted 00:02:55 (1363 turns).

3t5h the Cutter (Vine Stalker Gladiator)            Turns: 1363, Time: 00:02:55

Health: 18/18      AC:  6    Str: 16    XL:     3   Next: 62%
Magic:  5/5        EV: 11    Int:  8    God:
Gold:   72         SH:  4    Dex: 17    Spells: 2/2 levels left

rFire   . . .      SeeInvis .   a - +0 rapier
rCold   . . .      Faith    .   j - +0 buckler
rNeg    . . .      Spirit   +   b - +0 ring mail
rPois   .          Reflect  .   c - +0 helmet
rElec   .          Harm     .   (no cloak)
rCorr   .          Rampage  .   (no gloves)
Will    .....                   (no boots)
Stlth   +.........              (no amulet)
HPRegen 0.06/turn               (no ring)
MPRegen 0.09/turn               (no ring)

@: no status effects
A: fangs 2, magic shield, antimagic bite, no potion heal 2
a: no special abilities


You were on level 2 of the Dungeon.
You visited 1 branch of the dungeon, and saw 2 of its levels.

You collected 72 gold pieces.

Inventory:

Hand Weapons
 a - a +0 rapier (weapon)
Missiles
 d - 3 throwing nets (quivered) {!f}
Armour
 b - a +0 ring mail (worn)
   (You found it on level 1 of the Dungeon)
 c - a +0 helmet (worn)
 j - a +0 buckler (worn)
   (You found it on level 1 of the Dungeon)
Scrolls
 e - a scroll of fog {unknown}
 f - a scroll of teleportation {unknown}
 g - a scroll of acquirement
 h - a scroll of magic mapping {unknown}
 k - 2 scrolls of immolation {unknown}
 l - a scroll of enchant armour {unknown}
Potions
 i - a potion of haste {unknown}


   Skills:
 - Level 1.7 Fighting
 * Level 3.5 Short Blades
 - Level 1.7 Throwing
 - Level 2.4 Dodging
 + Level 0.8 Shields
 + Level 1.4 Invocations


You had 2 spell levels left.
You didn't know any spells.
Your spell library contained the following spells:

 Spells                   Type           Power      Damage    Failure   Level
 Frozen Ramparts          Ice            0%         1d2       98%         3
 Ice Form                 Ice/Tmut       0%         N/A       100%        4
 Summon Ice Beast         Ice/Summ       0%         N/A       100%        4


Dungeon Overview and Level Annotations

Branches:
Dungeon (2/15)

Altars:


Innate Abilities, Weirdness & Mutations

You have extremely sharp teeth.
When hurt, damage is shared between your health and your magic reserves.
Your bite disrupts and absorbs the magic of your enemies.
Potions cannot restore your health.


Message History

You puncture the adder!
You kill the adder!
Found 5 gold pieces.
You see here an adder corpse.
Unknown command.
Key pressed, stopping explore.
You now have 54 gold pieces (gained 5).
You see here an adder corpse.
Found a stone staircase leading down.
A hobgoblin comes into view.
A hobgoblin is nearby!
A hobgoblin is nearby!
The hobgoblin shouts!
You hear a shout!
The hobgoblin closely misses you.
You hit the hobgoblin. Your bite misses the hobgoblin.
The hobgoblin closely misses you.
You hit the hobgoblin.
You kill the hobgoblin!
No target in view!
No target in view!
No target in view!
No target in view!
No target in view!
No target in view!
No target in view!
No target in view!
No target in view!
No target in view!
You now have 72 gold pieces (gained 18).
A hobgoblin comes into view.
The hobgoblin shouts!
A hobgoblin is nearby!
A hobgoblin is nearby!
A hobgoblin is nearby!
You block the hobgoblin's attack.
You hit the hobgoblin. You bite the hobgoblin.
You kill the hobgoblin!
No target in view!
No target in view!
No target in view!
No target in view!
No target in view!
No target in view!
No target in view!
No target in view!
No target in view!
You see here a hobgoblin corpse.
Found 4 poisoned darts.
Found an escape hatch in the ceiling.
This is a scroll of acquirement!

###.####.... #..<
...........## ...#
.###.#####.##
#.................
#..#..###..####.##
#.#####............##.##
............###..#.##...
...................##.#.
#..#####@.#............#.
..........#...........##.
...#####..##.###.##.#.# .
......(.............#.# .
..........##.###.#..#.# .
.#.#####..##.# #.#..#.# .
.............###.#..#.##.
.#.#####...#.............
#...#.............


There were no monsters in sight!

Vanquished Creatures
  2 adders (D:2)
  3 dart slugs
  2 ball pythons (D:1)
  2 goblins (D:1)
  4 hobgoblins
  A kobold (D:1)
  2 quokkas (D:1)
  2 bats (D:1)
  2 frilled lizards
20 creatures vanquished.

Notes
Turn   | Place    | Note
-------+----------+-------------------------------------------
     0 | D:1      | 3t5h the Vine Stalker Gladiator began the quest for the
                  | Orb.
     0 | D:1      | Reached XP level 1. HP: 11/11 MP: 2/2
   252 | D:1      | Reached skill level 3 in Short Blades
   252 | D:1      | Reached XP level 2. HP: 15/15 MP: 3/3
   687 | D:1      | Reached skill level 1 in Invocations
   762 | D:2      | Reached XP level 3. HP: 6/18 MP: 1/4
  1363 | D:2      | Identified a scroll of acquirement
  1363 | D:2      | Quit the game

Illustrated notes

Levels and vault maps discovered:
D:1:      ebering_trefoil_3fold, layout_basic, hangedman_decor_clover_reticule
D:2:      layout_basic, ebering_ecumenical_altar_hall, minmay_cut_off

Skill      XL: |  1  2 |
---------------+-------+-----
Short Blades   | 3 |  3.5
Invocations    | 1 |  1.4
Fighting       | |  1.7
Throwing       | |  1.7
Dodging        | |  2.4
Shields        | |  0.8

Action                   || total
-------------------------++-------
Melee: Rapier            ||    54
       Bite              ||    12
Armor: Leather armour    ||     4
       Ring mail         ||    12
Dodge: Dodged            ||    34
Block: Buckler           ||     8

Table legend: (Time is in decaauts)
 A = Elapsed time spent in this place.
 B = Non-inter-level travel time spent in this place.
 C = Inter-level travel time spent in this place.
 D = Time resting spent in this place.
 E = Time spent auto-exploring this place.
 F = Levels seen in this place.
 G = Mean time per level.
                   A        B        C        D        E       F      G
               +--------+--------+--------+--------+--------+-----+--------+
         Total |   1367 |   1262 |    105 |      0 |   1073 |   2 |  683.5 |
       Dungeon |   1367 |   1262 |    105 |      0 |   1073 |   2 |  683.5 |
               +--------+--------+--------+--------+--------+-----+--------+

Top non-repeatable levels by time:
     D:1: 735 daAuts
     D:2: 632 daAuts
